cohdb
Replays
Latest Replays
All Replays
Popular Replays
Top Player Replays
Match Explorer
How It Works
Community
CoH3 Stats
Reddit
Sign in to upload your games and track your stats! →
Sign in with Steam
Match 44826972
Unlisted
Match 44826972
Overview
Messages
Build Orders
End
Vickers Machine Gun Team
Construct Section Command Post
Infantry Section
Infantry Section
Infantry Section
Grenade Package
Construct Field Infirmary
Infantry Section
Construct Platoon Command Post
Selects Air and Sea Battlegroup
Selects Commando Section Paradrop
Selects M1 Pack Howitzer Paradrop
M1 Pack Howitzer Paradrop
Commando Section Paradrop
Selects Supply Surplus
Selects Naval Blockade
Construct Company Command Post
Selects UNKNOWN (223837)
Centaur IV Medium Tank
Unlock Towed 17-pounder Anti-tank Guns
17-pounder Anti-tank Gun Team
Selects Anti-tank Rocket Loiter
onlyforus1991
Brother
0
0
Comments
sign in to comment!
No comments posted yet!